 Dungeon Crawl Stone Soup version 0.29-a0-284-gf9362112df (webtiles) character file.

Game seed: 18371316104613438913

39 Dabor the Shield-Bearer (level 3, -5/24 HPs)
             Began as a Gargoyle Fighter on Mar 15, 2022.
             Slain by Terence
             ... wielding a +0 flail
              (6 damage)
             ... on level 3 of the Dungeon.
             The game lasted 00:02:39 (1775 turns).

Dabor the Shield-Bearer (Gargoyle Fighter)          Turns: 1775, Time: 00:02:39

Health: -5/24      AC: 10    Str: 21    XL:     3   Next: 45%
Magic:  3/3        EV:  9    Int:  8    God:
Gold:   73         SH:  4    Dex:  9    Spells: 2/2 levels left

rFire   . . .      SeeInvis .   a - +0 flail
rCold   . . .      Faith    .   c - +0 buckler
rNeg    + . .      Spirit   .   b - +0 scale mail
rPois   ∞          Reflect  .   (no helmet)
rElec   +          Harm     .   (no cloak)
rCorr   .          Rampage  .   (no gloves)
Will    .....                   (no boots)
Stlth   ..........              (no amulet)
HPRegen 0.08/turn               (no ring)
MPRegen 0.08/turn               (no ring)

@: mighty, brilliant
A: sickness immunity, AC +3, negative energy resistance 1, electricity
resistance, torment resistance 1, petrification resistance
a: no special abilities


You were on level 3 of the Dungeon.
You visited 1 branch of the dungeon, and saw 3 of its levels.

You collected 73 gold pieces.

Inventory:

Hand Weapons
 a - a +0 flail (weapon)
Armour
 b - a +0 scale mail (worn)
 c - a +0 buckler (worn)
Potions
 d - a potion of might
 e - a potion of flight
 g - a potion of brilliance


   Skills:
 + Level 3.7 Fighting
 + Level 2.6 Maces & Flails
 + Level 3.7 Armour
 + Level 3.7 Shields


You had 2 spell levels left.
You didn't know any spells.
Your spell library was empty.

Dungeon Overview and Level Annotations

Branches:
Dungeon (3/15)

Altars:

Shops:
D:2 [

Annotations:
D:3 Terence


Innate Abilities, Weirdness & Mutations

You are immune to sickness and miasma.
Your stone body is resilient. (AC +3)
You are immune to poison.
You resist negative energy. (rN+)
You are resistant to electric shocks. (rElec)
You are resistant to unholy torment.
You are immune to petrification.


Message History

d - 2 potions of might (gained 1)
You open the door.
Found 21 stones.
Found a stone staircase leading down.
There is an open door here.
Terence the Incautious comes into view.
He is wielding a +0 flail.
Terence shouts!
A hobgoblin comes into view.
The hobgoblin shouts!
You hit Terence but do no damage. Terence hits you with a +0 flail.
You barely miss Terence. Terence hits you with a +0 flail!
You barely miss Terence. Terence hits you but does no damage.
As you read the scroll labelled ESERRU BOHIFF, it crumbles to dust.
It is a scroll of identify.
e - a potion of flight Terence hits you with a +0 flail.
* * * LOW HITPOINT WARNING * * *
You aren't carrying any scrolls.
It was a potion of brilliance.
You feel clever all of a sudden. Terence hits you but does no damage.
Terence attacks as you move away! You block Terence's attack.
The hobgoblin hits you.
* * * LOW HITPOINT WARNING * * *
The hobgoblin attacks as you move away! The hobgoblin hits you.
* * * LOW HITPOINT WARNING * * *
Found a dagger.
Terence shouts, "ATTACK!!!"
You aren't carrying any scrolls.
You feel very mighty all of a sudden. You block the hobgoblin's attack.
You sock the hobgoblin!
You kill the hobgoblin!
Terence hits you but does no damage.
You thump Terence!
Terence is heavily wounded.
You block Terence's attack.
You sock Terence!
Terence is almost dead.
Terence hits you with a +0 flail.
You die...

#. #. #...# .. ... #.
... #) #.# # #. #.#
.# #.###.##.# #
#.@@.....# .
#.##...### .#
#.#.....## ###.#
...........## ##.#.#
###.........####....#
+.......(.'........
#.........####.<.#.
##.......## ##....
##.....## #.###


You could see Terence.

Vanquished Creatures
  3 worms (D:2)
  2 dart slugs
  3 ball pythons
  A bat (D:2)
  3 goblins
  4 hobgoblins
  3 quokkas (D:2)
  3 frilled lizards (D:2)
  2 kobolds (D:2)
  A rat (D:2)
25 creatures vanquished.

Notes
Turn   | Place    | Note
-------+----------+-------------------------------------------
     0 | D:1      | Dabor the Gargoyle Fighter began the quest for the Orb.
     0 | D:1      | Reached XP level 1. HP: 14/14 MP: 1/1
   180 | D:1      | Reached XP level 2. HP: 19/19 MP: 2/2
   217 | D:1      | You fall into a shaft and drop 1 floor!
   698 | D:2      | Found Sorch's Antique Armour Shop.
   797 | D:2      | Reached XP level 3. HP: 22/23 MP: 3/3
  1760 | D:3      | Noticed Terence
  1771 | D:3      | HP: 1/24 [hobgoblin (3)]
  1775 | D:3      | Slain by Terence

Illustrated notes

Levels and vault maps discovered:
D:1:      shiori_arrival_oz, layout_loops_cross,
          hellmonk_ecumenical_altar_defaced_shrine, minmay_misc_feat_square
D:2:      layout_basic, serial_shops, shop
D:3:      layout_loops_corners, portal_sewer_entry_b, grunt_ministairs_12,
          uniq_terence

Action                   || total
-------------------------++-------
Melee: Flail             ||    88
  Use: Potion            ||     2
       Scroll            ||     1
Armor: Scale mail        ||    46
Dodge: Dodged            ||    39
Block: Buckler           ||    22

Table legend: (Time is in decaauts)
 A = Elapsed time spent in this place.
 B = Non-inter-level travel time spent in this place.
 C = Inter-level travel time spent in this place.
 D = Time resting spent in this place.
 E = Time spent auto-exploring this place.
 F = Levels seen in this place.
 G = Mean time per level.
                   A        B        C        D        E       F      G
               +--------+--------+--------+--------+--------+-----+--------+
         Total |   1803 |   1744 |     59 |    483 |   1016 |   3 |  601.0 |
       Dungeon |   1803 |   1744 |     59 |    483 |   1016 |   3 |  601.0 |
               +--------+--------+--------+--------+--------+-----+--------+

Top non-repeatable levels by time:
     D:2: 1555 daAuts
     D:1: 220 daAuts
     D:3: 27 daAuts
